 Dungeon Crawl Stone Soup version 0.15-a0-1729-g99b9770 (webtiles) character file.

235 Crauler the Slasher (level 6, 0/43 HPs)
             Began as a Halfling Fighter on June 27, 2014.
             Succumbed to Shimatora's ghost's poison
             ... on Level 4 of the Dungeon.
             The game lasted 00:08:23 (2762 turns).

Crauler the Slasher (Halfling Fighter)              Turns: 2762, Time: 00:08:23

HP   0/43        AC  8     Str 19      XL: 6   Next: 27%
MP   6/6         EV 10     Int  7      God:
Gold 147         SH  6     Dex 16      Spells:  0 memorised,  5 levels left

rFire  . . .     SeeInvis .     q - -1 long sword (curse)
rCold  . . .     Clarity  .     b - +0 scale mail
rNeg   . . .     rCorr    .     c - +0 buckler
rPois  .         rRot     .     (no helmet)
rElec  .         Spirit   .     (no cloak)
SustAb .         Warding  .     k - +0 pair of gloves {Str+3}
rMut   .         Stasis   .     (no boots)
Gourm  .                        (no amulet)
MR     .....                    (no ring)
                                g - cursed ring of loudness

@: lethally poisoned, not resistant to hostile enchantments, extremely
unstealthy
A: mutation resistance 1
a: no special abilities


You were on level 4 of the Dungeon.
You were hungry.

You visited 1 branch of the dungeon, and saw 4 of its levels.

You collected 147 gold pieces.

Inventory:

Hand weapons
 a - a +1 long sword
 p - a +0 falchion
 q - a cursed -1 long sword (weapon)
 r - a +0 blowgun
Missiles
 l - 48 poisoned needles
Armour
 b - a +0 scale mail (worn)
 c - a +0 buckler (worn)
 i - a +1 robe of resistance
 k - a +0 pair of gloves of strength (worn)
Comestibles
 d - 4 bread rations
 j - a chunk of rat flesh
 n - a slice of pizza
Scrolls
 f - a scroll of teleportation {unknown}
 h - a scroll of recharging {unknown}
 m - a scroll of magic mapping {unknown}
 o - a scroll of fear
Jewellery
 g - a cursed ring of loudness (left hand)
Potions
 e - a potion of might


   Skills:
 + Level 3.7 Fighting
 * Level 4.2 Long Blades
 + Level 4.1 Armour
 + Level 4.1 Shields


You had 5 spell levels left.
You didn't know any spells.

Dungeon Overview and Level Annotations

Branches:
Dungeon (4/15)
 Temple: D:4-7

Altars:
Nemelex Xobeh
Sif Muna

Annotations:
D:4 Shimatora's ghost, average OpAs


Innate Abilities, Weirdness & Mutations

You are small and have problems with some larger weapons.
You are somewhat resistant to further mutation.


Message History

* * * LOW HITPOINT WARNING * * *
You feel sick.
Shimatora's ghost hits you but does no damage.
You are lethally poisoned!
* * * LOW HITPOINT WARNING * * *
You feel sick.
* * * LOW HITPOINT WARNING * * *
You feel sick.
There is a stone staircase leading up here.
You slash Shimatora's ghost!
Shimatora's ghost is moderately damaged.
* * * LOW HITPOINT WARNING * * *
You feel sick.
* * * LOW HITPOINT WARNING * * *
You feel sick. You block the bat's attack. The bat barely misses you.
Shimatora's ghost barely misses you.
* * * LOW HITPOINT WARNING * * *
You feel sick. The bat completely misses you.
Unknown command.
You die...

#.# #.# #.# #.# #.# #.# #.#
#.# #.. #.# #.#############
#.# #....#........# #.#
#.#....#....#.# #.#
#.###.<.....#
#.######...W.#####.#.#.###
#.....##...@b..............
#####.#####.######.#.#.#?.
#.# #.# ..#.# #.#####.#
.### # #######.##....# .#
#.............####.#
#.#####............#
##.#####............#
#...................#


You could see Shimatora's ghost and a bat.

Vanquished Creatures
  2 orc priests (D:3)
  An orc wizard (D:3)
  3 adders
  2 worms (D:2)
  An inept feature mimic (D:3)
  2 oozes (D:3)
  13 orcs (D:3)
  7 giant cockroaches
  5 hobgoblins
  3 jackals (D:2)
  3 quokkas
  A ball python (D:1)
  5 bats
  4 giant newts
  7 goblins
  13 kobolds
  12 rats
84 creatures vanquished.

Notes
Turn   | Place    | Note
--------------------------------------------------------------
     0 | D:1      | Crauler, the Halfling Fighter, began the quest for the Orb.
     0 | D:1      | Reached XP level 1. HP: 15/15 MP: 1/1
   130 | D:1      | Reached XP level 2. HP: 14/20 MP: 2/2
   712 | D:1      | Reached XP level 3. HP: 20/25 MP: 3/3
   870 | D:2      | HP: 1/26 [worm (8)]
  1348 | D:2      | Reached XP level 4. HP: 21/31 MP: 4/4
  1472 | D:2      | Found a sparkling altar of Nemelex Xobeh.
  1859 | D:3      | Paralysed by a potion of paralysis for 3 turns
  1908 | D:3      | Reached XP level 5. HP: 32/36 MP: 5/5
  2173 | D:3      | Found a deep blue altar of Sif Muna.
  2351 | D:3      | Reached skill level 4 in Long Blades
  2393 | D:3      | Reached XP level 6. HP: 24/42 MP: 6/6
  2704 | D:4      | Noticed Shimatora's ghost (average OpAs)
  2760 | D:4      | HP: 2/43 [poisoned by Shimatora's ghost]
  2762 | D:4      | Succumbed to Shimatora's ghost's poison

Action                   |  1- 3 |  4- 6 || total
-------------------------+-------+-------++-------
Melee: Long sword        |   124 |   200 ||   324
       Falchion          |       |     1 ||     1
  Use: Scroll            |       |     3 ||     3
       Potion            |       |     3 ||     3
